 Dungeon Sprint DCSS version 0.28.0-43-g3370ac3207 (webtiles) character file.

Game seed: 5205726004943852272

4 bromine the Chopper (level 1, -4/22 HPs)
             Began as a Hill Orc Berserker on Mar 11, 2022.
             Was a Believer of Trog.
             Slain by an ice beast (10 damage)
             ... in the Dungeon (Sprint IX: "|||||||||||||||||||||||||||||").
             The game lasted 00:00:04 (26 turns).

bromine the Chopper (Hill Orc Berserker)              Turns: 26, Time: 00:00:04

Health: -4/22      AC:  2    Str: 19    XL:     1   Next: 60%
Magic:  1/1        EV: 12    Int:  7    God:    Trog [**....]
Gold:   0          SH:  0    Dex: 10    Spells: 0/0 levels left

rFire   . . .      SeeInvis .   a - +0 hand axe
rCold   . . .      Faith    .   (no shield)
rNeg    . . .      Spirit   .   b - +0 animal skin
rPois   .          Reflect  .   (no helmet)
rElec   .          Harm     .   (no cloak)
rCorr   .          Rampage  .   (no gloves)
Will    .....      NoTele   +   (no boots)
Stlth   +.........              (no amulet)
HPRegen 0.07/turn               (no ring)
MPRegen 0.07/turn               (no ring)

@: no status effects
A: no striking features
a: Renounce Religion, Berserk, Trog's Hand


You were in the Dungeon.
You worshipped Trog.
Trog was pleased with you.
You visited 1 branch

Inventory:

Hand Weapons
 a - a +0 hand axe (weapon)
Armour
 b - a +0 animal skin (worn)
Scrolls
 h - a scroll of blinking
Potions
 c - a potion of curing
 d - a potion of heal wounds
 e - a potion of haste
 f - 2 potions of magic
 g - a potion of berserk rage


   Skills:
 + Level 4.3 Fighting
 + Level 4.8 Axes
 + Level 2.4 Armour
 + Level 1.8 Dodging


You couldn't memorise any spells.
You didn't know any spells.
Your spell library was empty.

Dungeon Overview and Level Annotations

Branches:
Dungeon (1/1)

Altars:


Message History

You kill the rat!
Trog accepts your kill.
You miss the frilled lizard.
The frilled lizard bites you but does no damage.
You hit the frilled lizard.
You kill the frilled lizard!
Trog accepts your kill. The bat misses you. x2
Your Fighting skill increases to level 4!
You miss the bat. The bat hits you but does no damage.
You miss the bat. The bat closely misses you. x2
You miss the bat. The bat hits you but does no damage. x2
You hit the bat. You punch the bat.
You kill the bat!
Trog accepts your kill.
You can now call upon Trog for regeneration and willpower.
The bat hits you but does no damage.
You hit the bat.
You kill the bat!
Trog accepts your kill. The kobold hits you with a +0 club.
There is an open door to the Dungeon here.
Things that are here:
a bat corpse; a rat corpse You hit the kobold but do no damage.
The kobold closely misses you.
You closely miss the kobold. The kobold barely misses you.
You slash the kobold!
You kill the kobold!
Trog accepts your kill.
You see here a +0 club.
As you open the door, it creaks loudly!
An ice beast, an ogre, 2 zombies and a dart slug come into view.
The ogre shouts!
You barely miss the ice beast. The ice beast hits you.
The ice beast freezes you!
You closely miss the ice beast. The ice beast closely misses you.
You closely miss the ice beast. The ice beast hits you.
* * * LOW HITPOINT WARNING * * *
The ice beast freezes you!
You die... ▓▓▓▓▓▓▓▓▓▓▓▓▓▓▓▓▓▓ ▓<...†)...@YZO.wZ+ ▓▓▓▓▓▓▓▓▓▓▓▓▓▓▓▓▓▓

You could see an ice beast, an ogre, a dart slug, an adder zombie and a giant cockroach zombie.

Vanquished Creatures
  2 bats (D)
  A frilled lizard (D)
  A kobold (D)
  A rat (D)
5 creatures vanquished.

Notes
Turn   | Place    | Note
-------+----------+-------------------------------------------
     0 | D        | bromine the Hill Orc Berserker began the quest for the Orb.
     0 | D        | Reached XP level 1. HP: 19/19 MP: 1/1
    12 | D        | Reached ** piety under Trog
    23 | D        | Noticed an ice beast
    23 | D        | Noticed an ogre
    26 | D        | Slain by an ice beast

Illustrated notes

Levels and vault maps discovered:
D:        linesprint [early_d, line_temple, items_1, d_10, items_2, lair_1,
          lair_end, items_3, orc_1, orc_end, items_4, d_15, swamp_1, shoals_1,
          snake_1, spider_1, d_20, vaults_1, items_5, swamp_end, shoals_end,
          snake_end, spider_end, vaults_end, d_27, items_6, zot_1, zot_end,
          crypt_end, forest_end, elf_end, slime_end, tomb_end, abyss_end,
          pan_hell_end]

Skill      XL: |  1 |
---------------+----+-----
Fighting       | 4 |  4.3
Axes           | |  4.8
Armour         | |  2.4
Dodging        | |  1.8

Action                   || total
-------------------------++-------
Melee: Hand axe          ||    16
       Punch             ||     1
Armor: Animal skin       ||     5
Dodge: Dodged            ||     8
